Map: Deathaura LE

Players

Xazae

  • Race: Protoss Protoss
  • League: Master
  • Spawn Location: 11:00

IIIIIIIIIIII - Winner!

  • Race: Protoss Protoss
  • League: Master
  • Spawn Location: 5:00

VOD

Have the link to the VOD?

Description

Time

  • Played on: March 2, 2021, 2:51 p.m.
  • Length: 8:06
Show
View Real Time Build Order
Export as new Build Order

Xazae Protoss 

Build Orders:  

Get SALT Encoding   

  12  0:00  Probe  
  13  0:12  Probe  
  14  0:17  Pylon  
  14  0:24  Probe (Chrono Boost)  
  15  0:36  Gateway  
  15  0:37  Probe (Chrono Boost)  
  16  0:44  Probe (Chrono Boost)  
  16  0:46  Assimilator  
  17  0:51  Probe  
  17  0:54  Assimilator  
  18  1:03  Probe (Chrono Boost)  
  19  1:09  Gateway  
  19  1:13  Probe (Chrono Boost)  
  20  1:23  Cybernetics Core  
  20  1:25  Probe  
  21  1:33  Pylon  
  21  1:37  Probe  
  22  1:49  Probe  
  23  1:58  Warp Gate (Chrono Boost)  
  23  2:00  Stalker x2  
  27  2:08  Pylon  
  27  2:10  Probe  
  28  2:32  Stalker  
  28  2:33  Stalker  
  28  2:35  Pylon  
  33  2:37  Probe  
  33  3:02  Nexus  
  33  3:17  Gateway  
  33  3:18  Probe  
  34  3:23  Shield Battery  
  34  3:30  Probe  
  35  3:40  Shield Battery  
  35  3:42  Probe  
  35  3:43  Sentry x2  
  40  3:54  Probe  
  41  4:07  Twilight Council, Probe (Chrono Boost)  
  41  4:08  Forge  
  42  4:15  Probe (Chrono Boost)  
  43  4:19  Probe (Chrono Boost)  
  45  4:24  Probe (Chrono Boost)  
  45  4:25  Probe (Chrono Boost), Adept  
  45  4:26  Adept  
  45  4:29  Probe (Chrono Boost)  
  50  4:32  Probe  
  50  4:33  Sentry  
  54  4:38  Protoss Ground Weapons Level 1 (Chrono Boost), Pylon  
  54  4:41  Probe  
  54  4:44  Probe  
  56  4:46  Charge (Chrono Boost)  
  56  4:53  Probe  
  57  5:06  Probe x2  
  57  5:10  Gateway  
  55  5:14  Zealot x3  
  61  5:24  Assimilator  
  61  5:25  Pylon  
  61  5:27  Assimilator, Probe  
  62  5:33  Probe  
  63  5:36  Pylon  
  63  5:37  Zealot x3  
  69  5:59  Probe x2  
  69  6:00  Gateway  
  69  6:02  Gateway  
  71  6:08  Zealot x2  
  71  6:09  Zealot x2  
  80  6:11  Probe  
  80  6:12  Shield Battery  
  80  6:17  Dark Shrine  
  80  6:19  Pylon  
  80  6:21  Pylon  
  80  6:36  Stalker x3  
  80  6:39  Shield Battery  
  86  6:52  Zealot  
  88  7:00  Zealot x3  
  88  7:01  Zealot x2  
  71  7:16  Zealot  
  63  7:28  Zealot  
  63  7:29  Zealot x4  
  49  7:49  Dark Templar x2  
  49  7:50  Dark Templar x4  
Show
View Real Time Build Order
Export as new Build Order

IIIIIIIIIIII Protoss - Winner!

Build Orders:  

Get SALT Encoding   

  12  0:00  Probe  
  13  0:12  Probe (Chrono Boost)  
  14  0:17  Pylon  
  14  0:24  Probe (Chrono Boost)  
  15  0:34  Probe (Chrono Boost)  
  16  0:38  Gateway  
  16  0:43  Probe  
  16  0:47  Assimilator  
  17  0:55  Probe  
  18  1:04  Pylon  
  18  1:08  Probe (Chrono Boost)  
  18  1:11  Assimilator  
  19  1:20  Probe (Chrono Boost)  
  19  1:25  Cybernetics Core  
  20  1:26  Probe (Chrono Boost)  
  20  1:32  Pylon  
  21  1:34  Probe  
  22  1:46  Probe  
  23  2:01  Nexus  
  23  2:06  Stalker (Chrono Boost)  
  23  2:13  Warp Gate  
  25  2:17  Probe  
  26  2:26  Robotics Facility  
  26  2:34  Stalker  
  28  2:42  Shield Battery  
  28  2:50  Shield Battery  
  28  3:03  Shield Battery  
  28  3:04  Probe  
  28  3:13  Shield Battery, Immortal (Chrono Boost)  
  32  3:20  Probe  
  33  3:27  Stalker  
  33  3:30  Probe  
  33  3:33  Probe  
  37  3:44  Twilight Council  
  38  3:50  Probe  
  38  3:57  Immortal (Chrono Boost)  
  42  4:04  Pylon  
  42  4:06  Probe  
  42  4:08  Probe  
  44  4:13  Adept  
  46  4:19  Resonating Glaives (Chrono Boost)  
  46  4:22  Probe x2  
  48  4:29  Observer  
  49  4:34  Probe x2  
  49  4:37  Gateway  
  51  4:44  Pylon  
  51  4:49  Gateway  
  51  4:52  Adept  
  53  4:57  Probe  
  53  4:59  Gateway  
  52  5:00  Probe  
  52  5:08  Gateway  
  52  5:09  Probe  
  53  5:17  Warp Prism (Chrono Boost)  
  55  5:23  Pylon  
  55  5:26  Sentry  
  57  5:31  Gateway  
  57  5:36  Pylon  
  57  5:38  Adept  
  59  5:46  Adept  
  61  5:57  Adept x2  
  61  5:59  Adept  
  67  6:07  Pylon  
  67  6:09  Pylon  
  67  6:17  Adept x2  
  67  6:18  Adept x2  
  75  6:20  Adept  
  77  6:39  Adept x5  
  87  6:42  Sentry  
  89  6:52  Probe  
  86  6:59  Adept x3  
  86  7:00  Adept  
  90  7:10  Adept  
  90  7:11  Adept  
  78  7:21  Adept x4  
  72  7:35  Adept x2  
  66  7:47  Adept x2  
  66  7:48  Adept x2  
  72  7:52  Probe x2  
Tags
 
Matchup
PvP
Spawn Locations
Cross Positions
Add a new tag
Caveats
  • Supply blocks, unpowered buildings, or Contaminate may cause inaccurate times.
  • Supply counts are checked every 10 seconds.